 Dungeon Crawl Stone Soup version 0.21.1-1-g345015fe64 (webtiles) character file.

1187 Rasser the Grave Robber (level 8, 0/62 HPs)
             Began as a Deep Dwarf Necromancer on Mar 8, 2018.
             Slain by a gnoll sergeant
             ... wielding a +0 spear
              (7 damage)
             ... on level 5 of the Dungeon.
             The game lasted 00:21:39 (5146 turns).

Rasser the Grave Robber (Deep Dwarf Necromancer)    Turns: 5146, Time: 00:21:40

Health: 0/62       AC:  3    Str: 11    XL:     8   Next: 19%
Magic:  18/18      EV: 12    Int: 19    God:
Gold:   202        SH:  0    Dex: 13    Spells: 15/20 levels left

rFire    . . .     SeeInvis .   t - +2 falchion (holy)
rCold    . . .     Gourm    .   (no shield)
rNeg     . . .     Faith    .   a - +0 robe
rPois    .         Spirit   .   (no helmet)
rElec    .         Reflect  .   (no cloak)
rCorr    .         Harm     .   o - +0 pair of gloves
MR       +....                  (no boots)
Stlth    ++........             (no amulet)
HPRegen  0.00/turn              (no ring)
MPRegen  0.16/turn              (no ring)

@: non-regenerating
A: damage resistance, heal wounds, sense surroundings 1, no regeneration
a: Heal Wounds


You were on level 5 of the Dungeon.
You were not hungry.

You visited 1 branch of the dungeon, and saw 5 of its levels.

You collected 202 gold pieces.

Inventory:

Hand Weapons
 s - a +0 dagger of pain
 t - a +2 falchion of holy wrath (weapon)
Missiles
 n - 33 poisoned needles
Armour
 a - a +0 robe (worn)
 o - a +0 pair of gloves (worn)
 v - a +3 ring mail
Jewellery
 i - an uncursed ring of protection from cold {unknown}
 m - an uncursed ring of resist corrosion {unknown}
Wands
 u - a wand of random effects (23)
Scrolls
 d - 8 scrolls of identify {unknown}
 e - 2 scrolls of enchant armour {unknown}
 f - 3 scrolls of teleportation {unknown}
 l - 2 scrolls of remove curse {unknown}
 q - a scroll of magic mapping {unknown}
 w - a scroll of random uselessness {unknown}
 x - 2 scrolls of immolation {unknown}
 y - a scroll of blinking {unknown}
 A - a scroll of fear {unknown}
 C - a scroll of enchant weapon {unknown}
 D - a scroll of amnesia {unknown}
Potions
 g - a potion of agility
 h - 6 potions of might
 j - 2 potions of haste {unknown}
 k - 4 potions of curing
 p - a potion of magic {unknown}
 z - a potion of brilliance {unknown}
Books
 b - a book of Necromancy

   Spells                             Type                      Level
   a - Pain                           Necromancy                   1
   b - Animate Skeleton               Necromancy                   1
   c - Vampiric Draining              Necromancy                   3
   d - Regeneration                   Charms/Necromancy            3
   e - Animate Dead                   Necromancy                   4
   f - Borgnjor's Vile Clutch         Necromancy/Earth             5
 r - a book of Minor Magic

   Spells                             Type                      Level
   a - Magic Dart                     Conjuration                  1
   b - Blink                          Translocation                2
   c - Call Imp                       Summoning                    2
   d - Slow                           Hexes                        2
   e - Conjure Flame                  Conjuration/Fire             3
   f - Mephitic Cloud                 Conjuration/Poison/Air       3
Comestibles
 c - 12 rations


   Skills:
 - Level 2.1 Dodging
 - Level 2.4 Stealth
 * Level 6.9 Spellcasting
 + Level 7.6 Necromancy


You had 15 spell levels left.
You knew the following spells:

 Your Spells              Type           Power        Failure   Level  Hunger
a - Pain                  Necr           ####         1%          1    None
b - Vampiric Draining     Necr           #####.....   1%          3    #......
c - Animate Skeleton      Necr           N/A          1%          1    None


Dungeon Overview and Level Annotations

Branches:
Dungeon (5/15)
 Temple: D:4-7

Altars:
Dithmenos


Innate Abilities, Weirdness & Mutations

You are resistant to damage.
You can heal yourself by infusing magical energy.
You passively map a small area around you.
You do not regenerate.


Message History

You open the door.
There is an open door here.
You open the door.
There is an open door here.
h - 6 potions of might (gained 1)
C - a scroll labeled ZOMANK QUET
D - a scroll labeled GELOL ZOOLAOM You swap places.
A centaur comes into view.
A centaur is nearby!
A centaur is nearby!
You swap places.
You open the door.
There is an open door here.
You start waiting.
All of the chunks of flesh in your inventory have rotted away.
The centaur shouts!
A gnoll comes into view. It is wielding a whip.
The gnoll sergeant hits you with a spear!
You die...

........#...#.......... ,
........+...'........... ,
'########.).#...........
....#..##...########.... * ,
....'........# ....#c.g
....#........# ....'g . , ,
....#..##...## #...#, ,,
#####..##...####.g.# ##+
#........<...Z.@..# ,, , ##..
#.................'.... , ..#...
####'#####'##+####'######..(.#...
............#, ** .#.<.......#...
............# #.........#...
............ , * #.........#...
............ *#.........#..#
##########.. * ,......#####..#
.'.......#....* ,#.......#, #...#


You could see a gnoll sergeant, a centaur, a gnoll and a friendly adder
skeleton.

Vanquished Creatures
  2 phantoms (D:5)
  An ogre (D:5)
  The ghost of euphoricsektor the Sneak, a weakling SpAs (D:3)
  5 hounds
  2 orc priests
  4 orc wizards
  A centaur skeleton (D:4)
  An iguana (D:3)
  A worker ant (D:3)
  A gnoll (D:5)
  5 adders
  2 oozes (D:3)
  5 worms
  4 dart slugs
  14 orcs
  5 bats
  4 giant cockroaches
  9 goblins
  6 hobgoblins
  3 jackals
  2 quokkas
  A ball python (D:3)
  5 frilled lizards
  A jackal skeleton (D:4)
  6 kobolds
  5 rats
96 creatures vanquished.

Vanquished Creatures (collateral kills)
  The ghost of Rrauwl the Fighter, a novice OgMo (D:5)
1 creature vanquished.

Grand Total: 97 creatures vanquished

Notes
Turn   | Place    | Note
-------+----------+-------------------------------------------
     0 | D:1      | Rasser the Deep Dwarf Necromancer began the quest for the Orb.
     0 | D:1      | Reached XP level 1. HP: 15/15 MP: 3/3
   405 | D:1      | Reached XP level 2. HP: 17/22 MP: 0/5
  1197 | D:2      | Reached XP level 3. HP: 7/28 MP: 5/7
  1211 | D:2      | Learned a level 3 spell: Vampiric Draining
  1213 | D:2      | Learned a level 1 spell: Animate Skeleton
  1976 | D:3      | Noticed euphoricsektor's ghost (weakling SpAs)
  2064 | D:3      | Reached skill level 5 in Necromancy
  2190 | D:3      | Reached XP level 4. HP: 34/36 MP: 3/8
  2399 | D:3      | Found a transporter.
  2400 | D:3      | Found a transporter.
  3339 | D:3      | Killed euphoricsektor's ghost
  3339 | D:3      | Reached XP level 5. HP: 22/42 MP: 10/10
  3866 | D:3      | Reached XP level 6. HP: 21/49 MP: 2/12
  3969 | D:4      | Found a shadowy altar of Dithmenos.
  4021 | D:4      | Reached skill level 6 in Necromancy
  4165 | D:3      | Reached skill level 5 in Spellcasting
  4348 | D:4      | Reached XP level 7. HP: 30/55 MP: 0/15
  4684 | D:5      | Entered Level 5 of the Dungeon
  4873 | D:5      | Reached skill level 7 in Necromancy
  4924 | D:5      | Noticed Rrauwl's ghost (novice OgMo)
  4941 | D:5      | Killed Rrauwl's ghost
  4941 | D:5      | Reached XP level 8. HP: 7/62 MP: 9/18
  5146 | D:5      | Slain by a gnoll sergeant

Skill      XL: |  1  2  3  4  5  6  7 |
---------------+----------------------+-----
Spellcasting   | 2 3 4 5 6 |  6.9
Necromancy     | 5 6 7 |  7.6
Dodging        | |  2.1
Stealth        | |  2.4

Action                   |  1- 3 |  4- 6 |  7- 9 || total
-------------------------+-------+-------+-------++-------
Melee: Unarmed           |    12 |     7 |       ||    19
       Falchion          |       |    37 |    19 ||    56
       Dagger            |       |    33 |       ||    33
 Cast: Pain              |    71 |    66 |     1 ||   138
       Vampiric Draining |    12 |    42 |    10 ||    64
       Animate Skeleton  |     1 |     1 |     3 ||     5
  Use: Potion            |       |       |     2 ||     2
  Eat: Chunk             |     5 |    11 |     3 ||    19
Armor: Robe              |     8 |    27 |     3 ||    38
Dodge: Dodged            |    24 |    89 |    12 ||   125
       Rpst.: Falchion   |       |    10 |     4 ||    14
